 Dungeon Crawl Stone Soup version 0.25-a0-1024-gbfbf38f2cb (webtiles) character file.

Game seed: 13617502270735905696, levelgen mode: deterministic

258 Flugslaktarn the Chopper (level 6, 0/43 HPs)
             Began as an Octopode Fighter on May 12, 2020.
             Slain by a centaur zombie (4 damage)
             ... on level 3 of the Dungeon.
             The game lasted 00:00:58 (2332 turns).

Flugslaktarn the Chopper (Octopode Fighter)         Turns: 2332, Time: 00:00:59

Health: 0/43       AC:  1    Str: 15    XL:     6   Next: 16%
Magic:  6/6        EV: 12    Int: 11    God:
Gold:   125        SH:  9    Dex: 13    Spells: 5/5 levels left

rFire    . . .     SeeInvis .   a - +0 war axe
rCold    . . .     Gourm    .   b - +0 kite shield
rNeg     . . .     Faith    .   (helmet restricted)
rPois    .         Spirit   .   (no amulet)
rElec    .         Reflect  .   (no ring)
rCorr    .         Harm     .   (no ring)
MR       .....                  (no ring)
Stlth    ++........             (no ring)
HPRegen  0.14/turn              (no ring)
MPRegen  0.10/turn              (no ring)
                                (no ring)
                                (no ring)

@: lightly drained
A: almost no armour, stealthy swim, amphibious, 8 rings, constrict 8, camouflage
1, gelatinous body 1
a: no special abilities


You were on level 3 of the Dungeon.
You were not hungry.

You visited 1 branch of the dungeon, and saw 3 of its levels.

You collected 125 gold pieces.

Inventory:

Hand Weapons
 a - a +0 war axe (weapon)
Armour
 b - a +0 kite shield (worn)
Jewellery
 h - an uncursed ring of magical power {unknown}
   (You found it on level 1 of the Dungeon)
Scrolls
 f - a scroll of amnesia {unknown}
 g - 4 scrolls of identify {unknown}
 i - a scroll of enchant armour {unknown}
 k - 2 scrolls of remove curse {unknown}
 l - 2 scrolls of teleportation {unknown}
 p - a scroll of enchant weapon {unknown}
Potions
 d - a potion of might
 e - 2 potions of invisibility {unknown}
 j - a potion of brilliance {unknown}
 m - a potion of cancellation {unknown}
 n - 2 potions of heal wounds {unknown}
Comestibles
 c - 5 rations
 o - 7 chunks of flesh


   Skills:
 + Level 4.0(3.8) Fighting
 * Level 4.2(4.0) Axes
 + Level 3.9(3.8) Dodging
 + Level 4.0(3.9) Shields


You had 5 spell levels left.
You didn't know any spells.
Your spell library was empty.

Dungeon Overview and Level Annotations

Branches:
Dungeon (3/15)

Altars:
Sif Muna


Innate Abilities, Weirdness & Mutations

You cannot wear most types of armour.
You are very stealthy in the water. (Stealth+)
You are amphibious.
You can wear up to eight rings at the same time.
You can use your tentacles to constrict eight enemies at once.
Your skin changes colour to match your surroundings (Stealth+).
Your rubbery body absorbs attacks. (AC +1, EV +1)


Message History

Your base Fighting skill increases to level 4!
The centaur zombie hits you.
You hit the centaur zombie. You squeeze the centaur zombie.
The centaur zombie is severely damaged.
The centaur zombie hits you!
* * * LOW HITPOINT WARNING * * *
The centaur zombie hits you.
* * * LOW HITPOINT WARNING * * *
You are too injured to fight recklessly!
You are too injured to fight recklessly!
You are too injured to fight recklessly!
You are too injured to fight recklessly!
You are too injured to fight recklessly!
A centaur zombie is nearby!
A centaur zombie is nearby!
You hit the centaur zombie but do no damage.
You squeeze the centaur zombie!
The centaur zombie is almost destroyed.
The centaur zombie hits you.
You die...

#.......#
#8.....8#^....##....
#.......#..#........
#8.....8#..#........
###.......#...........
###.#8.....8#.........
#...#)......#.......
........>...###Z..#
......##......##@.####
...)).#######.......<#
......# ##..........
.)(..(## #.......###
.......# ##.###.##
#...##.## ... ..$
###.##..### .... ..#
#.......# #..>.....##
#.P.≈≈≈.# #..........


You could see a centaur zombie.

Vanquished Creatures
  A centaur (D:2)
  An orc priest (D:3)
  Terence (D:2)
  A hound skeleton (D:3)
  A worker ant zombie (D:3)
  Robin (D:2)
  An adder (D:3)
  An ooze (D:3)
  A worm (D:3)
  2 dart slugs
  2 leopard geckos
  3 orcs (D:3)
  4 bats
  22 goblins
  9 hobgoblins
  2 frilled lizards (D:2)
  4 kobolds
  2 leopard gecko skeletons (D:3)
  5 rats
64 creatures vanquished.

Notes
Turn   | Place    | Note
-------+----------+-------------------------------------------
     0 | D:1      | Flugslaktarn the Octopode Fighter began the quest for the
                  | Orb.
     0 | D:1      | Reached XP level 1. HP: 16/16 MP: 1/1
   308 | D:1      | Reached XP level 2. HP: 20/21 MP: 2/2
   870 | D:2      | Reached XP level 3. HP: 26/26 MP: 3/3
   964 | D:2      | Found a shimmering blue altar of Sif Muna.
  1174 | D:2      | Noticed a centaur
  1182 | D:2      | Killed a centaur
  1182 | D:2      | Reached XP level 4. HP: 5/31 MP: 4/4
  1513 | D:2      | Reached XP level 5. HP: 36/36 MP: 5/5
  1519 | D:2      | Noticed Robin
  1526 | D:2      | Killed Robin
  1802 | D:2      | Noticed Terence
  1809 | D:2      | Killed Terence
  2170 | D:3      | Reached XP level 6. HP: 39/43 MP: 6/6
  2332 | D:3      | Slain by a centaur zombie

Illustrated notes

Levels and vault maps discovered:
D:1:      wander_arrival_estate, layout_basic
D:2:      layout_loops_ring, nicolae_overflow_crystal_walls, uniq_terence,
          uniq_robin
D:3:      kennysheep_the_goblin_king, layout_rooms, dancing_weapons_uskayaw,
          marbit_many_paths, nicolae_overflow_hidden_temple,
          cheibriados_altar_1, serial_undead, serial_undead_e, serial_undead_f,
          serial_undead_d, serial_undead_a, serial_undead_f, serial_undead_a,
          first_ration, uniq_natasha

Skill      XL: |  1  2  3  4  5  6 |
---------------+-------------------+-----
Axes           | 3 4 |  4.2
Shields        | 4 |  4.0
Fighting       | 4 |  4.0
Dodging        | |  3.9

Action                   |  1- 3 |  4- 6 || total
-------------------------+-------+-------++-------
Melee: War axe           |    56 |    64 ||   120
       Constrict         |    11 |    20 ||    31
       Tentacles         |     6 |    12 ||    18
 Stab: Sleeping          |     4 |     1 ||     5
       Distracted        |     1 |       ||     1
  Eat: Chunk             |     1 |     4 ||     5
Armor: Skin              |     3 |     1 ||     4
Dodge: Dodged            |    13 |    29 ||    42
Block: Kite shield       |    35 |    27 ||    62

Table legend:
 A = Non-vault XP
 B = Vault XP
 C = Vault XP percentage of total XP
 D = Non-vault monster count
 E = Vault monster count
 F = Vault count percentage of total count
                 A         B        C        D         E       F
            +---------+---------+-------+---------+---------+-------
      Total |     250 |     119 |  32.2 |      43 |      21 |  32.8
            +---------+---------+-------+---------+---------+-------
        D:1 |      28 |       0 |   0.0 |      15 |       0 |   0.0
        D:2 |     140 |      68 |  32.7 |      18 |      10 |  35.7
        D:3 |      82 |      51 |  38.3 |      10 |      11 |  52.4
            +---------+---------+-------+---------+---------+-------
